AoeStats
← Xx360nOsCoPexX

Arena

504984235Analyzed
4v4 RM · 24d ago on Sep 7, 2026· 26m 24s· 8 players
Game mode
Random Map
Map size
Large (8 player)
Population
200
Speed
Normal
Resources
Standard
Victory
Conquest
Starting age
Dark Age
Ending age
Imperial Age
RankedLock teamsTeams togetherTeam positionsShared explorationLock speedFull tech treeHidden civsTurbo modeCheats
Victory
Defeat
🇮🇩 Britons · Indonesia
899
+17
🇷🇺 Burgundians · Russia
896
+17
🇮🇱 Slavs · Israel
891
+17
🇮🇩 Franks · Indonesia
851
+18
🇨🇳 Hindustanis · China
956
-19
🇳🇿 Berbers · New Zealand
915
-44
🇹🇼 Teutons · Taiwan
913
-17
🇯🇵 Khmer · Japan
876
-16
豚マソ
Xx360nOsCoPexX
13:44 Feudal Age
14:13 Double-Bit Axe
14:09 Horse Collar
14:22 Gold Mining
15:25 Wheelbarrow
16:58 Loom
20:14 Forging
20:06 Scale Mail Armor
dylsxx1718
y852963741
mAjiCode
11:01 Feudal Age
14:57 Castle Age
13:33 Double-Bit Axe
13:40 Gold Mining
13:50 Fletching
14:57 Loom
21:33 Bow Saw
21:26 Bodkin Arrow
Picnic
12:14 Feudal Age
14:32 Double-Bit Axe
19:58 Stone Mining
19:58 Gold Mining
22:12 Castle Age
21:06 Scale Barding Armor
21:14 Forging
22:39 Wheelbarrow
24:41 Chain Barding Armor
24:57 Iron Casting
25:04 Hand Cart
25:13 Bow Saw
Sam-Ba-Kaka
Lonelyy
3:12 Double-Bit Axe
6:41 Double-Bit Axe
7:53 Loom
13:21 Feudal Age
14:09 Arson
15:19 Forging
21:01 Castle Age
22:22 Iron Casting
24:17 Fervor
24:34 Redemption
Connection lost

Rejoining the realm…

Still unreachable

The connection could not be restored.

Session expired

The server has moved on; the page needs a fresh start.